 Dungeon Crawl Stone Soup version 0.29-a0-321-gf1c400731a (webtiles) character file.

Game seed: 7365013990380410772

413 siradein the Caller (level 6, -10/51 HPs)
             Began as a Draconian Summoner on Apr 4, 2022.
             Was an Initiate of Gozag.
             Killed from afar by Dowan (21 damage)
             ... with a shard of ice
             ... on level 4 of the Dungeon.
             The game lasted 00:14:36 (4703 turns).

siradein the Caller (Draconian Summoner)            Turns: 4703, Time: 00:14:36

Health: -10/51     AC:  8    Str: 11    XL:     6   Next: 59%
Magic:  0/11       EV: 16    Int: 23    God:    Gozag
Gold:   63         SH:  0    Dex: 11    Spells: 2/11 levels left

rFire   . . .      SeeInvis .   z - +2 spear (flame)
rCold   . . .      Faith    .   (no shield)
rNeg    . . .      Spirit   .   (body armour unavailable)
rPois   .          Reflect  .   (helmet restricted)
rElec   .          Harm     .   (no cloak)
rCorr   .          Rampage  .   D - +0 pair of gloves
Will    .....                   m - +0 pair of boots
Stlth   ++........              (no amulet)
HPRegen 0.17/turn               x - +6 ring of intelligence
MPRegen 0.12/turn               y - +4 ring of evasion

@: no status effects
A: AC +6, unfitting armour, cold-blooded
a: Renounce Religion, Potion Petition, Call Merchant, Bribe Branch


You were on level 4 of the Dungeon.
You worshipped Gozag.
Gozag was noncommittal.
You visited 2 branches of the dungeon, and saw 5 of its levels.

You collected 277 gold pieces.
You spent 132 gold pieces at shops.
You paid 82 gold pieces to Gozag.

Inventory:

Hand Weapons
 z - a +2 spear of flaming (weapon)
Missiles
 q - a throwing net
Armour
 m - a +0 pair of boots (worn)
 D - a +0 pair of gloves (worn)
Jewellery
 x - a +6 ring of intelligence (left hand)
 y - a +4 ring of evasion (right hand)
 A - an amulet of guardian spirit
 E - the ring of Qator {Fire Drain rN+ Int+4}
   (You found it on level 4 of the Dungeon)

   [ring of fire]

   It enhances your fire magic.
   Int:       It affects your intelligence (+4).
   rF:        It protects you from fire.
   rC:        It makes you vulnerable to cold.
   rN:        It protects you from negative energy.
   Drain:     It drains your maximum health when unequipped.
Wands
 B - a wand of iceblast (9)
Scrolls
 b - 3 scrolls of amnesia
 c - a scroll of noise {unknown}
 d - a scroll of torment {unknown}
 e - a scroll of silence {unknown}
 k - 3 scrolls of blinking
 o - a scroll of enchant armour {unknown}
 p - a scroll of immolation {unknown}
 r - 2 scrolls of magic mapping {unknown}
 s - 4 scrolls of enchant weapon {unknown}
 t - 3 scrolls of teleportation {unknown}
 u - 4 scrolls of identify
Potions
 a - a potion of magic
 f - 2 potions of heal wounds
 g - 3 potions of lignification {unknown}
 h - a potion of invisibility {unknown}
 i - a potion of attraction {unknown}
 j - 2 potions of mutation {unknown}
 l - a potion of cancellation {unknown}
 n - 3 potions of curing
 v - a potion of might {unknown}
 w - a potion of haste {unknown}
 C - a potion of flight {unknown}
 F - a potion of brilliance {unknown}


   Skills:
 + Level 3.1 Fighting
 + Level 1.6 Polearms
 + Level 3.3 Dodging
 - Level 1.7 Stealth
 + Level 3.4 Spellcasting
 + Level 5.1 Summonings
 + Level 1.4 Transmutations


You had 2 spell levels left.
You knew the following spells:

 Your Spells              Type           Power      Damage    Failure   Level
a - Call Canine Familiar  Summ           27%        N/A       4%          3
b - Call Imp              Summ           27%        N/A       1%          2
c - Summon Small Mammal   Summ           100%       N/A       1%          1
d - Spider Form           Tmut/Pois      7%         N/A       26%         3

Your spell library contained the following spells:

 Spells                   Type           Power      Damage    Failure   Level
 Beastly Appendage        Tmut           20%        N/A       6%          1
 Wereblood                Tmut           10%        N/A       10%         2
 Corpse Rot               Necr/Air       6%         N/A       17%         2
 Poisonous Vapours        Pois/Air       6%         N/A       17%         2
 Summon Guardian Golem    Hex/Summ       15%        N/A       12%         3
 Dazzling Flash           Conj/Hex       6%         N/A       32%         3
 Summon Lightning Spire   Summ/Air       15%        N/A       36%         4
 Iskenderun's Mystic Bla  Conj/Tloc      3%         2d3       73%         4
 Starburst                Conj/Fire      1%         6d3       100%        6


Dungeon Overview and Level Annotations

Branches:
Dungeon (4/15)             Temple (1/1) D:4

Altars:
Cheibriados
Elyvilon
Fedhas
Gozag
Hepliaklqana
Ru
Vehumet
Wu Jian
Xom

Shops:
D:1 [   D:2 *!([?   D:3 [

Annotations:
D:4 Dowan


Innate Abilities, Weirdness & Mutations

Your plain brown scales are hard. (AC +6)
You cannot fit into any form of body armour.
You are cold-blooded and may be slowed by cold attacks.


Message History

Your hound dies!
Your hound's corpse disappears in a puff of smoke!
Casting: Call Imp (safe; 1% risk of failure)
Confirm with . or Enter, or press ? or * to list all spells.
A beastly little devil appears in a puff of flame.
Your shadow imp disappears in a puff of smoke!
Dowan closely misses your crimson imp.
Casting: Call Imp (safe; 1% risk of failure)
Confirm with . or Enter, or press ? or * to list all spells.
You don't have enough magic to cast this spell.
You are too injured to fight recklessly!
Reach: z) +2 spear (flame)
Press: ? - help, Dir - move target, f/p - Dowan
Aim: Dowan, wielding a +0 dagger and wearing a +0 robe (heavily wounded, fast, ally target, about 49% to evade your +2 spear of flaming)
You could not reach far enough!
Dowan barely misses your crimson imp.
Your crimson imp closely misses Dowan.
Dowan closely misses your crimson imp.
Unknown command.
Unknown command.
Reach: z) +2 spear (flame)
Press: ? - help, Dir - move target, f/p - Dowan
Aim: Dowan, wielding a +0 dagger and wearing a +0 robe (heavily wounded, fast, ally target, about 49% to evade your +2 spear of flaming)
You could not reach far enough!
Dowan closely misses your crimson imp.
Your crimson imp completely misses Dowan.
Unknown command.
Unknown command.
Reach: z) +2 spear (flame)
Press: ? - help, Dir - move target, f/p - Dowan
Aim: Dowan, wielding a +0 dagger and wearing a +0 robe (heavily wounded, fast, ally target, about 49% to evade your +2 spear of flaming)
You could not reach far enough!
Dowan gestures wildly while chanting.
Dowan blinks!
Unknown command.
Your crimson imp blinks!
You are too injured to fight recklessly!
Casting: Call Imp (safe; 1% risk of failure)
Confirm with . or Enter, or press ? or * to list all spells.
Dowan points at you and mumbles some strange words.
The shard of ice hits you!!
You die...
Your body crumbles into a pile of gold.

#..........#########
#####.. ##.........#
#...... ##.........#
#...... ...........#
#..§..# ........####
#...§.# ........#
### ##.....#
........# #.#
#..##### <.......#
#h### #.## .....####
#@e.# #.# .....#
#.#.# ##.# ..[..#
#####+#.# #..#
.....# #.......#
####.## .....##
#....e..# #....#
......#
#.......###...##
......#
#............<#
......#
#.......###...#
......# #....§.##
#...#


You could see Dowan (fast, ally target) and a friendly hound (summoned).

Vanquished Creatures
  Duvessa (D:4)
  An orc priest (D:2)
  A hound (D:4)
  An orc wizard (D:4)
  5 adders
  2 gnolls (D:3)
  A worm (D:4)
  2 dart slugs
  4 orcs
  6 ball pythons
  An endoplasm (D:2)
  2 giant cockroaches
  2 goblins
  6 hobgoblins
  5 jackals
  3 kobolds
  3 quokkas
  2 bats
  2 frilled lizards
50 creatures vanquished.

Vanquished Creatures (collateral kills)
  An orc wizard (D:4)
  An iguana (D:4)
  A gnoll (D:3)
  An adder (D:2)
  A worm (D:2)
  A dart slug (D:4)
  3 orcs
  A ball python (D:1)
  3 bats
  5 endoplasms
  4 hobgoblins
  3 kobolds
  3 frilled lizards
  5 goblins
  2 rats (D:1)
35 creatures vanquished.

Grand Total: 85 creatures vanquished

Notes
Turn   | Place    | Note
-------+----------+-------------------------------------------
     0 | D:1      | siradein the Draconian Summoner began the quest for the
                  | Orb.
     0 | D:1      | Reached XP level 1. HP: 14/14 MP: 3/3
   356 | D:1      | Reached XP level 2. HP: 22/22 MP: 3/5
   438 | D:1      | Reached skill level 1 in Fighting
   599 | D:1      | Found a faded altar of an unknown god.
   722 | D:1      | Learned a level 2 spell: Call Imp
  1326 | D:1      | Reached XP level 3. HP: 28/28 MP: 3/6
  1330 | D:1      | Learned a level 3 spell: Call Canine Familiar
  1367 | D:1      | Found Penk's Armour Boutique.
  1379 | D:1      | Bought a +0 pair of boots for 58 gold pieces
  1699 | D:2      | Found Keihirid's Distillery.
  1727 | D:2      | Bought a potion of degeneration for 12 gold pieces
  1727 | D:2      | Bought a potion of curing for 36 gold pieces
  1780 | D:2      | Found Ticrem's Antique Weapon Shoppe.
  1890 | D:2      | Found Gunaoxt's Magic Scroll Boutique.
  1901 | D:2      | Bought a scroll of identify for 26 gold pieces
  1954 | D:2      | Found Copag's Armour Boutique.
  2113 | D:2      | Reached XP level 4. HP: 36/36 MP: 4/7
  2216 | D:2      | Found Ipliw's General Store.
  2491 | D:3      | Found a radiant altar of Vehumet.
  3272 | D:3      | Reached XP level 5. HP: 42/42 MP: 1/9
  3391 | D:3      | Found Otoes Vyumu's Antique Armour Shop.
  3767 | D:3      | Learned a level 3 spell: Spider Form
  4008 | D:4      | Identified the ring of Qator {Fire Drain rN+ Int+4}
  4114 | D:4      | Reached skill level 1 in Polearms
  4114 | D:4      | Reached XP level 6. HP: 50/50 MP: 6/10
  4205 | D:4      | Reached skill level 1 in Transmutations
  4410 | D:4      | Reached skill level 5 in Summonings
  4474 | D:4      | Noticed Dowan
  4585 | D:4      | Found a staircase to the Ecumenical Temple.
  4594 | Temple   | Entered the Ecumenical Temple
  4617 | Temple   | Became a worshipper of Gozag Ym Sagoz the Greedy
  4660 | D:4      | Noticed Duvessa
  4695 | D:4      | Killed Duvessa
  4703 | D:4      | Killed from afar by Dowan

Illustrated notes

Levels and vault maps discovered:
D:1:      nagdon_arrival_zigzag_paths, layout_basic, serial_shops,
          nicolae_shop_hallway_stairs, hellmonk_ecumenical_altar_dog_temple,
          minmay_small_reverse_x
D:2:      layout_rooms, serial_shops, shop, shop, nicolae_shop_trees, shop,
          nicolae_shop_advertising_works [nicolae_subvault_shop_adworks]
D:3:      layout_loops_cross, nicolae_vehumet_altar_sigil, serial_shops, shop
D:4:      layout_basic, minmay_temple_entry_purple_smoke, minmay_crystal_room,
          minmay_misc_feat_rows, uniq_duvessa
Temple:   cyrus_circular_temple

Skill      XL: |  1  2  3  4  5  6 |
---------------+-------------------+-----
Dodging        | 2 3 |  3.3
Fighting       | 1 2 3 |  3.1
Spellcasting   | 3 |  3.4
Polearms       | 1 |  1.6
Transmutations | 1 |  1.4
Summonings     | 5 |  5.1
Stealth        | |  1.7

Action                   |  1- 3 |  4- 6 || total
-------------------------+-------+-------++-------
Melee: Unarmed           |    17 |       ||    17
       Tailslap          |     8 |     2 ||    10
       Short sword       |    59 |    22 ||    81
       Spear             |       |    47 ||    47
 Cast: Summon Small Mamm |    10 |       ||    10
       Call Imp          |    17 |    10 ||    27
       Call Canine Famil |       |    25 ||    25
  Use: Scroll            |     2 |     1 ||     3
Armor: Skin              |    21 |    15 ||    36
Dodge: Dodged            |    72 |    45 ||   117

Table legend: (Time is in decaauts)
 A = Elapsed time spent in this place.
 B = Non-inter-level travel time spent in this place.
 C = Inter-level travel time spent in this place.
 D = Time resting spent in this place.
 E = Time spent auto-exploring this place.
 F = Levels seen in this place.
 G = Mean time per level.
                   A        B        C        D        E       F      G
               +--------+--------+--------+--------+--------+-----+--------+
         Total |   4721 |   4598 |    123 |    321 |   3212 |   5 |  944.2 |
       Dungeon |   4690 |   4567 |    123 |    321 |   3205 |   4 | 1172.5 |
        Temple |     30 |     30 |      0 |      0 |      7 |   1 |   30.0 |
               +--------+--------+--------+--------+--------+-----+--------+

Top non-repeatable levels by time:
     D:1: 1555 daAuts
     D:2: 1136 daAuts
     D:3: 1112 daAuts
     D:4: 885 daAuts
  Temple: 30 daAuts
